 Dungeon Crawl Stone Soup version 0.30-a0-591-g3c58d2bc28 (webtiles) character file.

Game seed: 5918941578758198416

172 Newt the Trooper (level 5, -2/46 HPs)
             Began as a Demonspawn Gladiator on Jan 4, 2023.
             Slain by a gnoll
             ... wielding a +0 halberd
              (14 damage)
             ... on level 3 of the Dungeon.
             The game lasted 00:01:49 (1170 turns).

Newt the Trooper (Demonspawn Gladiator)             Turns: 1170, Time: 00:01:50

Health: -2/46      AC:  7    Str: 17    XL:     5   Next: 27%
Magic:  5/5        EV:  9    Int:  9    God:
Gold:   78         SH:  5    Dex: 14    Spells: 4/4 levels left

rFire   . . .      SeeInvis .    (no weapon)
rCold   . . .      Faith    .    (no shield)
rNeg    . . .      Spirit   .    b - +1 leather armour
rPois   .          Reflect  +    c - +0 helmet
rElec   .          Harm     .    (no cloak)
rCorr   .          Rampage  .    (no gloves)
Will    .....                    (no boots)
Stlth   ++                       l - amulet of reflection
HPRegen 0.27/turn                n - ring of flight
MPRegen 0.09/turn                (no ring)

@: flying, constricted
A: claws 1, rugged brown scales 2
a: no special abilities


You were on level 3 of the Dungeon.
You visited 1 branch of the dungeon, and saw 3 of its levels.

You collected 78 gold pieces.

Inventory:

Hand Weapons
 a - a +0 rapier
Missiles
 d - 2 throwing nets (quivered)
 e - a javelin
 p - 4 poisoned darts
Armour
 b - a +1 leather armour (worn)
 c - a +0 helmet (worn)
 h - a +2 robe of willpower
Jewellery
 l - an amulet of reflection (around neck)
 n - a ring of flight (left claw)
Scrolls
 f - a scroll of fear
Potions
 g - a potion of brilliance
 j - a potion of haste {unknown}
 k - a potion of mutation {unknown}
 m - a potion of magic {unknown}
 o - a potion of curing
 q - a potion of flight


   Skills:
 + Level 5.0 Fighting
 - Level 2.6 Short Blades
 - Level 1.7 Throwing
 + Level 0.0 Armour
 - Level 2.6 Dodging
 - Level 2.0 Stealth


You had 4 spell levels left.
You didn't know any spells.
Your spell library was empty.

Dungeon Overview and Level Annotations

Branches:
Dungeon (3/15)

Altars:
Xom


Innate Abilities, Weirdness & Mutations

You have sharp fingernails.
You are mostly covered in rugged brown scales. (AC +2, +5% HP)


Message History

The gnoll throws a datura-tipped dart.
The datura-tipped dart closely misses you.
A gnoll comes into view. It is wielding a +0 club.
You block the gnoll's attack.
The gnoll shouts!
The giant cockroach waves its antennae.
The gnoll hits you with a +0 halberd!
You scratch the gnoll.
The gnoll is moderately wounded.
The gnoll hits you with a +0 halberd!
You completely miss the gnoll.
The gnoll is moderately wounded.
The gnoll barely misses you.
You scratch the gnoll.
The gnoll is moderately wounded.
The gnoll hits you with a +0 halberd!
You barely miss the gnoll.
The gnoll is moderately wounded.
The gnoll hits you with a +0 halberd.
* * * LOW HITPOINT WARNING * * *
You feel much better. The ball python closely misses you.
The ball python grabs you. The ball python constricts you.
The gnoll hits you with a +0 halberd!
You scratch the gnoll but do no damage.
The gnoll is moderately wounded.
You block the ball python's attack. The ball python constricts you.
The gnoll hits you with a +0 halberd. The ball python barely misses you.
The ball python constricts you.
You scratch the gnoll but do no damage.
The gnoll is moderately wounded.
The giant cockroach waves its antennae.
The ball python bites you. The ball python constricts you.
You block the gnoll's attack.
The gnoll hits you from afar with a +0 halberd.
* * * LOW HITPOINT WARNING * * *
You scratch the gnoll but do no damage.
The gnoll is moderately wounded.
You block the ball python's attack. The ball python constricts you.
The gnoll hits you from afar with a +0 halberd!
You die...

#.# ##(## #.$.
#..# #######..#
?........#
######.#.#
#########.###.#
....Bwg@S## #.#
.########g# .#
... # .....
.~#.... ~~~....
~~~~#.. ~~~~ ..


You could see 2 gnolls, a dart slug, a giant cockroach and a ball python.

Vanquished Creatures
  Sigmund (D:2)
  4 endoplasms
  2 goblins (D:1)
  A hobgoblin (D:1)
  2 ball pythons
  3 bats
  2 frilled lizards (D:1)
  4 kobolds (D:1)
  3 rats
22 creatures vanquished.

Vanquished Creatures (others)
  11 plants
  5 toadstools (D:1)
16 creatures vanquished.

Grand Total: 38 creatures vanquished

Notes
Turn   | Place    | Note
-------+----------+-------------------------------------------
     0 | D:1      | Newt the Demonspawn Gladiator began the quest for the Orb.
     0 | D:1      | Reached XP level 1. HP: 16/16 MP: 1/1
    29 | D:1      | Reached skill level 1 in Stealth
   122 | D:1      | Gained mutation: You are partially covered in rugged brown
                  | scales. (AC +1, +3% HP) [demonic ancestry]
   122 | D:1      | Reached XP level 2. HP: 16/22 MP: 2/2
   708 | D:2      | Found a shimmering altar of Xom.
   755 | D:2      | Noticed Sigmund
   772 | D:2      | Killed Sigmund
   773 | D:2      | Reached skill level 4 in Fighting
   773 | D:2      | Reached skill level 5 in Fighting
   773 | D:2      | Reached XP level 3. HP: 32/33 MP: 3/3
   773 | D:2      | Gained mutation: You have sharp fingernails. [demonic
                  | ancestry]
   773 | D:2      | Reached XP level 4. HP: 38/40 MP: 4/4
   773 | D:2      | Gained mutation: You are mostly covered in rugged brown
                  | scales. (AC +2, +5% HP) [demonic ancestry]
   773 | D:2      | Reached XP level 5. HP: 38/46 MP: 5/5
  1170 | D:3      | Slain by a gnoll

Illustrated notes

Levels and vault maps discovered:
D:1:      ldierk_walled_garden, layout_rooms, serial_forest,
          infiniplex_forest_fountain, infiniplex_forest_lined_room_,
          infiniplex_forest_straight_2, infiniplex_forest_zigzag_1,
          infiniplex_forest_side_room, infiniplex_forest_clump_double
D:2:      layout_rooms, basic_altar, kennysheep_boxes, uniq_sigmund
D:3:      layout_loops_ring, cheibrodos_sewer_entry_drain

Skill      XL: |  1  2 |
---------------+-------+-----
Stealth        | 1 2 |  2.0
Fighting       | 5 |  5.0
Short Blades   | |  2.6
Throwing       | |  1.7
Dodging        | |  2.6

Action                   |  1- 3 |  4- 6 || total
-------------------------+-------+-------++-------
Melee: Rapier            |    62 |     4 ||    66
       Unarmed           |       |    12 ||    12
       Punch             |       |     1 ||     1
Throw: Throwing net      |     2 |       ||     2
  Use: Scroll            |     4 |     2 ||     6
       Potion            |       |     3 ||     3
 Stab: Sleeping          |     3 |       ||     3
Armor: Leather armour    |    15 |     2 ||    17
Dodge: Dodged            |    33 |    11 ||    44
Block: Other             |     6 |     5 ||    11

Table legend: (Time is in decaauts)
 A = Elapsed time spent in this place.
 B = Non-inter-level travel time spent in this place.
 C = Inter-level travel time spent in this place.
 D = Time resting spent in this place.
 E = Time spent auto-exploring this place.
 F = Levels seen in this place.
 G = Mean time per level.
                   A        B        C        D        E       F      G
               +--------+--------+--------+--------+--------+-----+--------+
         Total |   1173 |   1152 |     21 |      0 |    927 |   3 |  391.0 |
       Dungeon |   1173 |   1152 |     21 |      0 |    927 |   3 |  391.0 |
               +--------+--------+--------+--------+--------+-----+--------+

Top non-repeatable levels by time:
     D:1: 670 daAuts
     D:2: 476 daAuts
     D:3: 25 daAuts
